 Dungeon Crawl Stone Soup version 0.22-a0-430-g6609fc6 (webtiles) character file.

7611 MisterFreud the Impaler (level 11, -11/86 HPs)
             Began as a Merfolk Gladiator on May 26, 2018.
             Was a Priest of Cheibriados.
             Mangled by a two-headed ogre
             ... wielding a +0 giant club
              (22 damage)
             ... on level 9 of the Dungeon.
             The game lasted 00:22:22 (8934 turns).

MisterFreud the Impaler (Merfolk Gladiator)         Turns: 8934, Time: 00:22:22

Health: -11/86     AC:  7    Str: 26    XL:     11   Next: 18%
Magic:  17/17      EV: 22    Int: 19    God:    Cheibriados [***...]
Gold:   319        SH:  0    Dex: 23    Spells: 10/10 levels left

rFire    . . .     SeeInvis .   h - +0 scythe
rCold    . . .     Gourm    .   (shield currently unavailable)
rNeg     . . .     Faith    .   b - +0 leather armour
rPois    .         Spirit   .   c - +0 helmet
rElec    .         Reflect  .   (no cloak)
rCorr    .         Harm     .   v - +2 pair of gloves
MR       .....                  (no boots)
Stlth    ++........             (no amulet)
HPRegen  0.24/turn              u - +3 ring of strength
MPRegen  0.15/turn              (no ring)

@: very slow
A: change form in water, swift swim, stealthy swim
a: Bend Time, Temporal Distortion, Renounce Religion


You were on level 9 of the Dungeon.
You worshipped Cheibriados.
Cheibriados was most pleased with you.
You were not hungry.

You visited 2 branches of the dungeon, and saw 10 of its levels.

You collected 510 gold pieces.
You spent 191 gold pieces at shops.

Inventory:

Hand Weapons
 a - a +1 trident
 h - a +0 scythe (weapon)
Missiles
 d - a throwing net (quivered)
Armour
 b - a +0 leather armour (worn)
 c - a +0 helmet (worn)
 e - a +0 pair of gloves
 v - a +2 pair of gloves (worn)
Jewellery
 u - a +3 ring of strength (left hand)
Wands
 r - a wand of iceblast (8)
Scrolls
 j - 2 scrolls of magic mapping
 k - 3 scrolls of remove curse
 m - 2 scrolls of teleportation
 n - 4 scrolls of fog
 o - 2 scrolls of amnesia
Potions
 g - 2 potions of lignification
 i - 6 potions of curing
 l - a potion of invisibility
 p - a potion of resistance
 s - a potion of cancellation
 t - a potion of brilliance
 x - a potion of mutation
Comestibles
 f - 16 rations


   Skills:
 - Level 8.1 Fighting
 + Level 15.1 Polearms
 - Level 2.0 Throwing
 - Level 11.1 Dodging
 - Level 8.0 Invocations


You had 10 spell levels left.
You didn't know any spells.
Your spell library was empty.

Dungeon Overview and Level Annotations

Branches:
Dungeon (9/15)             Temple (1/1) D:4             Orc (0/2) D:9
   Lair: D:8-11

Altars:
Ashenzari
Cheibriados
Dithmenos
Elyvilon
Fedhas
Gozag
Kikubaaqudgha
Makhleb
Okawaru
Qazlal
Ru
Sif Muna
Trog
Uskayaw
Vehumet
Wu Jian
Xom
Yredelemnul
Zin
The Shining One

Shops:
D:5 ?   D:8 %*

Annotations:
D:6 1 exclusion
D:9 Grum


Message History

a giant club x3; a two-headed ogre corpse You are too injured to fight recklessly!
You slash the two-headed ogre!
The two-headed ogre is moderately wounded.
The two-headed ogre struggles against the net.
You hit the two-headed ogre.
The two-headed ogre is moderately wounded.
The two-headed ogre struggles against the net. x2
You hit the two-headed ogre.
The two-headed ogre is heavily wounded.
The two-headed ogre struggles against the net.
The net rips apart, and the two-headed ogre comes free!
Fire/throw which item? (* to show all) (? for menu, Esc to quit)
Press: ? - help, Shift-Dir - straight line, f/p - two-headed ogre
Aim: a two-headed ogre, wielding two giant clubs (moderately wounded)
You throw a throwing net.
The throwing net barely misses the two-headed ogre.
The two-headed ogre closely misses you.
The two-headed ogre hits you with a giant club!!
You die...

#.........# #......
#.......(###......
##................
###......()........
#.........(........
#..(...............
#.###...............
####O...............
#.@#...............
###................
###...#..........
##.#..........#
.#...........# ##
#.#.....#### ##..###
# .# # #


You could see a two-headed ogre.

Vanquished Creatures
  4 two-headed ogres
  A queen bee (D:8)
  Sigmund (D:3)
  4 yaks (D:9)
  2 hungry ghosts (D:9)
  3 orc warriors
  An ice beast (D:9)
  4 sky beasts
  2 phantoms (D:9)
  A wolf (D:9)
  3 centaurs
  7 ogres
  A crocodile (D:8)
  A big kobold (D:7)
  5 bullfrogs
  A scorpion (D:9)
  11 killer bees (D:8)
  3 howler monkeys (D:8)
  3 crimson imps
  3 hounds
  A quasit (D:9)
  2 jellies
  An orc priest (D:8)
  A bullfrog skeleton (D:9)
  8 orc wizards
  A centaur skeleton (D:6)
  3 iguanas
  5 worker ants
  A killer bee zombie (D:8)
  4 gnolls (D:3)
  4 adders
  An ooze (D:2)
  An adder zombie (D:7)
  An adder skeleton (D:7)
  2 worms
  3 dart slugs
  3 leopard geckos
  21 orcs
  3 ball pythons
  4 giant cockroaches
  8 goblins
  6 hobgoblins
  4 jackals (D:2)
  2 quokkas
  7 bats
  2 frilled lizards
  A jackal skeleton (D:8)
  A jackal zombie (D:4)
  13 kobolds
  4 rats
179 creatures vanquished.

Vanquished Creatures (others)
  An orc wizard (D:6)
  A leopard gecko (D:6)
2 creatures vanquished.

Grand Total: 181 creatures vanquished

Notes
Turn   | Place    | Note
-------+----------+-------------------------------------------
     0 | D:1      | MisterFreud the Merfolk Gladiator began the quest for the Orb.
     0 | D:1      | Reached XP level 1. HP: 16/16 MP: 1/1
   421 | D:1      | Reached skill level 5 in Polearms
   425 | D:1      | Reached XP level 2. HP: 22/22 MP: 2/2
   737 | D:1      | Reached skill level 6 in Polearms
   737 | D:1      | Reached XP level 3. HP: 27/27 MP: 3/3
  1125 | D:2      | Found an ornate altar of the Wu Jian Council.
  1599 | D:3      | Noticed Sigmund
  1674 | D:3      | Killed Sigmund
  1674 | D:3      | Reached skill level 9 in Polearms
  1674 | D:3      | Reached XP level 4. HP: 27/33 MP: 4/4
  1674 | D:3      | Reached XP level 5. HP: 31/38 MP: 5/5
  1674 | D:3      | Reached XP level 6. HP: 36/44 MP: 6/6
  1696 | D:3      | Found a shattered altar of Ashenzari.
  2047 | D:3      | Noticed a sky beast
  2054 | D:3      | Killed a sky beast
  2054 | D:3      | Reached skill level 10 in Polearms
  2256 | D:3      | Found a white marble altar of Elyvilon.
  2919 | D:4      | Found a staircase to the Ecumenical Temple.
  2935 | Temple   | Entered the Ecumenical Temple
  2991 | Temple   | Became a worshipper of Cheibriados the Contemplative
  3047 | D:4      | Reached XP level 7. HP: 50/50 MP: 7/7
  3289 | D:5      | Entered Level 5 of the Dungeon
  3414 | D:5      | Reached skill level 11 in Polearms
  3432 | D:5      | Found Ruclagg's Magic Scroll Shoppe.
  3444 | D:5      | Bought a scroll of fog for 26 gold pieces
  3444 | D:5      | Bought a scroll of teleportation for 39 gold pieces
  3444 | D:5      | Bought a scroll of teleportation for 39 gold pieces
  3444 | D:5      | Bought a scroll of immolation for 45 gold pieces
  3635 | D:5      | Reached skill level 12 in Polearms
  3980 | D:5      | Found a sacrificial altar of Ru.
  4330 | D:6      | Reached XP level 8. HP: 56/56 MP: 8/8
  4391 | D:6      | Reached skill level 13 in Polearms
  4478 | D:6      | Reached * piety under Cheibriados
  4804 | D:6      | Reached skill level 14 in Polearms
  4974 | D:6      | Reached skill level 5 in Dodging
  5451 | D:7      | Reached ** piety under Cheibriados
  5750 | D:7      | Reached XP level 9. HP: 49/61 MP: 9/9
  5869 | D:8      | Found a stormy altar of Qazlal.
  6108 | D:8      | Noticed a two-headed ogre
  6119 | D:8      | Killed a two-headed ogre
  6492 | D:8      | Found a glowing golden altar of the Shining One.
  6523 | D:8      | Reached skill level 1 in Invocations
  6577 | D:8      | Reached *** piety under Cheibriados
  6791 | D:8      | Found Koexkox's Food Emporium.
  6799 | D:8      | Found a deep blue altar of Sif Muna.
  6899 | D:8      | Found Fieq's General Store.
  6902 | D:8      | Bought a scroll of magic mapping for 42 gold pieces
  7023 | D:8      | Reached XP level 10. HP: 11/71 MP: 12/12
  7458 | D:8      | Reached skill level 5 in Invocations
  7779 | D:9      | Found a staircase to the Orcish Mines.
  7834 | D:9      | Reached skill level 5 in Fighting
  7864 | D:9      | Reached **** piety under Cheibriados
  7994 | D:9      | Noticed a two-headed ogre
  8119 | D:9      | Killed a two-headed ogre
  8290 | D:9      | Noticed a two-headed ogre
  8543 | D:9      | Killed a two-headed ogre
  8543 | D:9      | Reached XP level 11. HP: 68/86 MP: 11/17
  8625 | D:9      | Noticed a two-headed ogre
  8629 | D:9      | Noticed a two-headed ogre
  8790 | D:9      | Noticed Grum
  8910 | D:9      | Killed a two-headed ogre
  8910 | D:9      | Reached skill level 15 in Polearms
  8934 | D:9      | Mangled by a two-headed ogre

Vault maps used:
D:1:      dpeg_arrival_connections, serial_bayou_pond_d
D:2:      old_standard_altar, first_ration
D:3:      elyvilon_altar_4, old_standard_altar, uniq_sigmund
D:4:      minmay_temple_entry_mist
D:5:      hangedman_ru_absence, serial_shops, shop
D:6:      minivault_14, uniq_duvessa
D:8:      kennysheep_mini_moat, lemuel_doored_altar, serial_shops,
          kennysheep_mini, nicolae_shop_trees, david_nohive_1, lemuel_tele_altar
D:9:      orc_david_3, uniq_grum
Temple:   compressed_dpeg_circular_temple

Skill      XL: |  1  2  3  4  5  6  7  8  9 10 11 |
---------------+----------------------------------+-----
Polearms       | 5 6 9 10 12 14 15 | 15.1
Dodging        | 7 11 | 11.1
Invocations    | 3 8 |  8.0
Fighting       | 3 7 8 |  8.1
Throwing       | |  2.0

Action                   |  1- 3 |  4- 6 |  7- 9 | 10-12 || total
-------------------------+-------+-------+-------+-------++-------
Melee: Trident           |   129 |    23 |       |       ||   152
       Scythe            |       |    28 |   285 |   180 ||   493
Throw: Throwing net      |       |       |       |     4 ||     4
Invok: Slouch            |       |       |       |     1 ||     1
Evoke: Wand              |       |       |       |     1 ||     1
  Use: Scroll            |     3 |       |     8 |    10 ||    21
       Potion            |     2 |       |     3 |     1 ||     6
 Stab: Sleeping          |     1 |       |     5 |     2 ||     8
       Held in net/web   |       |       |       |     2 ||     2
  Eat: Chunk             |     2 |     4 |    10 |     6 ||    22
Armor: Leather armour    |    31 |     8 |    54 |    28 ||   121
       Skin              |       |       |     4 |     9 ||    13
Dodge: Dodged            |    75 |    22 |   253 |   238 ||   588

Table legend:
 A = Spawn XP
 B = Non-spawn XP
 C = Spawn XP percentage of total XP
 D = Spawn monster count
 E = Non-spawn monster count
 F = Spawn count percentage of total count
 G = Total turns spent on level
                    A         B        C        D         E        F      G
               +---------+---------+-------+---------+---------+-------+---------
         Total |       0 |   10874 |   0.0 |       0 |     180 |   0.0 |  8934
               +---------+---------+-------+---------+---------+-------+---------
           D:1 |       0 |      42 |   0.0 |       0 |      21 |   0.0 |  1008
           D:2 |       0 |      35 |   0.0 |       0 |      16 |   0.0 |   621
           D:3 |       0 |     444 |   0.0 |       0 |      17 |   0.0 |   949
           D:4 |       0 |     104 |   0.0 |       0 |       6 |   0.0 |   620
           D:5 |       0 |     543 |   0.0 |       0 |      12 |   0.0 |  1040
           D:6 |       0 |     804 |   0.0 |       0 |      24 |   0.0 |   888
           D:7 |       0 |     387 |   0.0 |       0 |      16 |   0.0 |   629
           D:8 |       0 |    3257 |   0.0 |       0 |      38 |   0.0 |  1890
           D:9 |       0 |    5258 |   0.0 |       0 |      30 |   0.0 |  1198
               +---------+---------+-------+---------+---------+-------+---------
